 Dungeon Crawl Stone Soup version 0.28.0-53-g5a82cb258f (webtiles) character file.

Game seed: 2776723771049839672

106 protoss039 the Digger (level 4, 0/34 HPs)
             Began as a Demonspawn Earth Elementalist on June 16, 2022.
             Slain by an orc
             ... wielding a +0 club
              (2 damage)
             ... on level 2 of the Dungeon.
             The game lasted 00:02:27 (2900 turns).

protoss039 the Digger (DsEE)                        Turns: 2900, Time: 00:02:27

Health: 0/34       AC:  3    Str:  8    XL:     4   Next: 55%
Magic:  2/7        EV: 15    Int: 18    God:
Gold:   101        SH:  0    Dex: 14    Spells: 5/8 levels left

rFire   . . .      SeeInvis .   j - +0 spear
rCold   . . .      Faith    .   (no shield)
rNeg    . . .      Spirit   .   b - +0 robe
rPois   .          Reflect  .   (no helmet)
rElec   .          Harm     .   (no cloak)
rCorr   .          Rampage  .   (no gloves)
Will    .....                   f - +0 pair of boots
Stlth   ++........              (no amulet)
HPRegen 0.11/turn               (no ring)
MPRegen 0.10/turn               (no ring)

@: no status effects
A: repulsion field 2
a: no special abilities


You were on level 2 of the Dungeon.
You visited 1 branch of the dungeon, and saw 2 of its levels.

You collected 101 gold pieces.

Inventory:

Hand Weapons
 j - a +0 spear (weapon)
Missiles
 c - 55 stones
Armour
 b - a +0 robe (worn)
 f - a +0 pair of boots (worn)
Scrolls
 a - a scroll of fog {unknown}
 h - a scroll of enchant armour {unknown}
Potions
 d - a potion of mutation {unknown}
 e - 2 potions of brilliance {unknown}
 g - 2 potions of berserk rage {unknown}
 i - a potion of invisibility {unknown}
 k - a potion of flight {unknown}


   Skills:
 * Level 2.4 Fighting
 + Level 1.4 Armour
 - Level 1.7 Dodging
 - Level 1.7 Stealth
 + Level 2.6 Spellcasting
 - Level 1.0 Transmutations
 + Level 3.2 Earth Magic


You had 5 spell levels left.
You knew the following spells:

 Your Spells              Type           Power      Damage    Failure   Level
a - Sandblast             Erth           28%        2d8       4%          1
b - Passwall              Tmut/Erth      8%         N/A       11%         2

Your spell library contained the following spells:

 Spells                   Type           Power      Damage    Failure   Level
 Static Discharge         Conj/Air       2%         N/A       26%         2
 Stone Arrow              Conj/Erth      16%        3d8       26%         3
 Ozocubu's Armour         Ice            2%         N/A       45%         3
 Petrify                  Tmut/Erth      10%        N/A       56%         4
 Lightning Bolt           Conj/Air       1%         1d12      99%         5
 Metabolic Englaciation   Hex/Ice        1%         N/A       99%         5
 Simulacrum               Ice/Necr       1%         N/A       100%        6
 Maxwell's Capacitive Co  Air            1%         ∞         100%        8


Dungeon Overview and Level Annotations

Branches:
Dungeon (2/15)

Altars:


Innate Abilities, Weirdness & Mutations

You are surrounded by a moderate repulsion field. (EV +3)


Message History

Press: ? - help, Shift-Dir - straight line, f/p - orc wizard
Aim: an orc wizard, wielding a +0 dagger and wearing a +0 robe (moderately wounded, 74% to hit)
The blast of sand hits the orc wizard but does no damage.
The orc wizard is moderately wounded.
The orc priest misses you. The orc wizard completely misses you.
Unknown command.
Casting: Sandblast (safe; 4% risk of failure)
Confirm with . or Enter, or press ? or * to list all spells.
Aiming: Sandblast (safe; 4% risk of failure)
Press: ? - help, Shift-Dir - straight line, f/p - orc wizard
Aim: an orc wizard, wielding a +0 dagger and wearing a +0 robe (lightly wounded, 74% to hit)
The blast of sand hits the orc wizard!
The orc wizard is almost dead.
The orc priest invokes the aid of Beogh against you.
Beogh smites you! The orc misses you. The orc wizard casts a spell at you.
The magic dart hits you!
* * * LOW HITPOINT WARNING * * *
Unknown command.
Casting: Sandblast (safe; 4% risk of failure)
Confirm with . or Enter, or press ? or * to list all spells.
Aiming: Sandblast (safe; 4% risk of failure)
Press: ? - help, Shift-Dir - straight line, f/p - orc wizard
Aim: an orc wizard, wielding a +0 dagger and wearing a +0 robe (almost dead, 74% to hit)
The blast of sand misses the orc wizard.
The orc priest completely misses you. The orc hits you with a +0 club.
* * * LOW HITPOINT WARNING * * *
The orc wizard hits you but does no damage.
Unknown command.
Casting: Sandblast (safe; 4% risk of failure)
Confirm with . or Enter, or press ? or * to list all spells.
Aiming: Sandblast (safe; 4% risk of failure)
Press: ? - help, Shift-Dir - straight line, f/p - orc wizard
Aim: an orc wizard, wielding a +0 dagger and wearing a +0 robe (almost dead, 74% to hit)
The blast of sand hits the orc wizard.
The orc wizard is almost dead.
The orc priest hits you with a +0 short sword.
* * * LOW HITPOINT WARNING * * *
The orc hits you with a +0 club.
You die...

....#............#######...#####.
.........................<.......
...........................#####.
.#########..#....#####...).......
........###.#.....# #.))........
.........##.......# ##......#####
..........#....#..###........####
.........⌠#....oo..........#.....
..........#..#.#@o.####..#.######
.........##..............#.# ###
........###....#.#.#####.#.# #..
.#########.....#.#..####.#.####.#
...........#...#..............#.#
...............###..####.#.#.##.#
........####...####.####.........
........................##.#.##.#
...............##..........#.##.#


You could see an orc priest, an orc wizard and an orc.

Vanquished Creatures
  2 adders (D:2)
  5 gnolls
  A worm (D:2)
  2 orcs (D:2)
  6 ball pythons
  4 endoplasms
  3 giant cockroaches
  5 goblins
  2 hobgoblins (D:1)
  A kobold (D:2)
  2 bats (D:1)
  2 frilled lizards
  4 rats
39 creatures vanquished.

Notes
Turn   | Place    | Note
-------+----------+-------------------------------------------
     0 | D:1      | protoss039 the Demonspawn Earth Elementalist began the
                  | quest for the Orb.
     0 | D:1      | Reached XP level 1. HP: 13/13 MP: 3/3
    48 | D:1      | Reached skill level 1 in Transmutations
   360 | D:1      | Gained mutation: You are surrounded by a mild repulsion
                  | field. (EV +2) [demonic ancestry]
   360 | D:1      | Reached XP level 2. HP: 19/20 MP: 0/5
   417 | D:1      | Found a faded altar of an unknown god.
   490 | D:1      | Reached skill level 1 in Fighting
  1424 | D:1      | Learned a level 2 spell: Passwall
  1442 | D:2      | Reached skill level 3 in Earth Magic
  1442 | D:2      | Gained mutation: You are surrounded by a moderate repulsion
                  | field. (EV +3) [demonic ancestry]
  1442 | D:2      | Reached XP level 3. HP: 26/26 MP: 6/6
  1459 | D:2      | Reached skill level 1 in Armour
  1765 | D:2      | Reached XP level 4. HP: 21/33 MP: 2/7
  2900 | D:2      | Slain by an orc

Illustrated notes

Levels and vault maps discovered:
D:1:      tarquinn_simple_flora_water_a, layout_loops_ring,
          nicolae_ecumenical_snake_handling, minivault_19,
          chequers_serial_rivers_micro_d
D:2:      cheibrodos_pilgrimage, layout_basic

Skill      XL: |  1  2  3 |
---------------+----------+-----
Transmutations | 1 |  1.0
Fighting       | 1 2 |  2.4
Earth Magic    | 3 |  3.2
Armour         | 1 |  1.4
Dodging        | |  1.7
Stealth        | |  1.7
Spellcasting   | |  2.6

Action                   |  1- 3 |  4- 6 || total
-------------------------+-------+-------++-------
Melee: Club              |    70 |       ||    70
       Unarmed           |     2 |       ||     2
       Punch             |     2 |     1 ||     3
       Spear             |       |    33 ||    33
 Cast: Sandblast         |    24 |    22 ||    46
 Stab: Sleeping          |     3 |       ||     3
       Distracted        |     1 |       ||     1
Armor: Robe              |    19 |     7 ||    26
Dodge: Dodged            |    69 |    32 ||   101
